 Dungeon Crawl Stone Soup version 0.30.1-9-gdf580d7c3d (webtiles) character file.

Game seed: 7904705186331021462

1509312 LordWeiramon the Slayer (level 26, 196/264 HPs)
             Began as a Demigod Artificer on Oct 18, 2023.
             Escaped with the Orb
             ... and 3 runes!
             The game lasted 06:18:48 (91568 turns).

LordWeiramon the Slayer (Demigod Artificer)        Turns: 91568, Time: 06:18:49

Health: 196/264    AC: 47    Str: 41    XL:     26   Next: 4%
Magic:  27/27      EV: 34    Int: 15    God:
Gold:   2774       SH: 39    Dex: 40    Spells: 25/25 levels left

rFire   + + .        a - +7 broad axe (heavy)
rCold   + + .        Z - +8 tower shield
rNeg    + . .        p - +12 gold dragon scales
rPois   +            z - +2 hat
rElec   +            r - scarf of the Delicate God {repulsion, rElec Will+}
rCorr   .            F - +2 pair of gloves {Stlth+}
SInv    .            y - +1 pair of boots "Fuimuaz" {rN+ Str+2}
Will    ++++.        o - amulet of Xom's Flight of Fancy {Reflect Will+ Str+2 Dex+5 SH+5 Stlth-} Stlth
                     E - ring of Hiobuiph {+Blink rPois rC+ EV+5 Dex+4}
HPRegen 0.64/turn    f - ring of Entrepreneurial Spirit {rPois rF+ Int+3 Dex+6}
MPRegen 0.20/turn

%: repel missiles, reflection
@: hasted (expiring), studying Unarmed Combat, very quick
A: high MP 1, forlorn, divine attributes, horns 1, iridescent scales 1, strong
1, wild magic 1
0: Orb of Zot
}: 3/15 runes: decaying, silver, gossamer
a: Evoke Blink


You escaped.
You visited 10 branches of the dungeon, and saw 50 of its levels.
You visited 2 bazaars.
You also visited: Bailey, Ice Cave, Volcano and Wizlab.

You collected 8825 gold pieces.
You spent 6051 gold pieces at shops.

Inventory:

Hand Weapons
 a - a +7 heavy broad axe (weapon)
 b - the +4 consecrated labrys {holy, Valiant Fragile Fly SInv}
   (You took it off a vault guard on level 5 of the Vaults)

   Valiant:   It becomes more powerful as more dangerous foes come into view.
   SInv:      It lets you see invisible.
   Fly:       It grants you flight.
   Fragile:   It will be destroyed if unequipped.
Missiles
 A - 6 throwing nets (quivered)
Armour
 d - a +2 helmet of intelligence
 p - +12 gold dragon scales (worn)
 r - the scarf of the Delicate God (worn) {repulsion, rElec Will+}
   (You found it on level 1 of the Swamp)

   rElec:     It insulates you from electricity.
   Will:      It increases your willpower.
 w - the +4 dragonskin cloak
   (You took it off Tiamat on level 4 of the Realm of Zot)

   Avatar's Aegis: It grants the wearer a chance to resist fire, cold, poison,
   electricity, acid, and negative energy.
 y - the +1 pair of boots "Fuimuaz" (worn) {rN+ Str+2}
   (You bought it in a shop on level 4 of the Vaults)

   Str:       It affects your strength (+2).
   rN:        It protects you from negative energy.
 z - a +2 hat (worn)
 F - a +2 pair of gloves of stealth (worn)
 Z - a +8 tower shield (worn)
Jewellery
 f - the ring of Entrepreneurial Spirit (right hand) {rPois rF+ Int+3 Dex+6}
   (You took it off a deep elf blademaster on level 3 of the Elven Halls)

   [ring of dexterity]

   Int:       It affects your intelligence (+3).
   Dex:       It affects your dexterity (+6).
   rF:        It protects you from fire.
   rPois:     It protects you from poison.
 o - the amulet of Xom's Flight of Fancy (around neck) {Reflect Will+ Str+2 Dex+5 SH+5 Stlth-}
   (You bought it in a shop in a bazaar)

   [amulet of reflection]

   It reflects blocked missile attacks.
   Str:       It affects your strength (+2).
   Dex:       It affects your dexterity (+5).
   SH:        It affects your SH (+5).
   Will:      It increases your willpower.
   Stlth:     It makes you less stealthy.
 E - the ring of Hiobuiph (left hand) {+Blink rPois rC+ EV+5 Dex+4}
   (You bought it in a shop on level 3 of the Elven Halls)

   [ring of evasion]

   EV:        It affects your evasion (+5).
   Dex:       It affects your dexterity (+4).
   rC:        It protects you from cold.
   rPois:     It protects you from poison.
   +Blink:    It lets you blink.
 R - the amulet of Ucoipar {Reflect rElec rCorr Int+5 Dex-2 SH+5}
   (You took it off a vampire knight on level 3 of the Crypt)

   [amulet of reflection]

   It reflects blocked missile attacks.
   Int:       It affects your intelligence (+5).
   Dex:       It affects your dexterity (-2).
   rElec:     It insulates you from electricity.
   rCorr:     It protects you from acid and corrosion.
   SH:        It affects your SH (+5).
 U - the ring of Mapel {rC+ Str+2 SInv Stlth+}
   (You found it in an ice cave)

   [ring of protection from cold]

   Str:       It affects your strength (+2).
   rC:        It protects you from cold.
   SInv:      It lets you see invisible.
   Stlth:     It makes you more stealthy.
 X - the ring "Jovuwn" {rElec rC- rN+ Int+6 Stlth+}
   (You bought it in a shop on level 2 of the Orcish Mines)

   [ring of intelligence]

   Int:       It affects your intelligence (+6).
   rC:        It makes you vulnerable to cold.
   rElec:     It insulates you from electricity.
   rN:        It protects you from negative energy.
   Stlth:     It makes you more stealthy.
 Y - a ring of flight
Wands
 l - a wand of acid (20)
 m - a wand of roots (65)
 t - a wand of flame (144)
 C - a wand of mindburst (39)
 D - a wand of charming (109)
 H - a wand of polymorph (3)
 V - a wand of digging (10)
Scrolls
 i - 8 scrolls of poison
 j - 26 scrolls of teleportation
 n - 2 scrolls of silence
 q - 7 scrolls of magic mapping
 s - 3 scrolls of fog
 v - 11 scrolls of fear
 x - 4 scrolls of blinking
 K - 3 scrolls of brand weapon
 T - 3 scrolls of butterflies
Potions
 g - 16 potions of attraction
 h - 17 potions of mutation
 k - 6 potions of cancellation
 u - 7 potions of haste
 B - 12 potions of flight
 G - 5 potions of berserk rage
 J - 4 potions of ambrosia
 L - 27 potions of curing
 M - a potion of invisibility
 N - 6 potions of might
 Q - 6 potions of heal wounds
 W - 9 potions of resistance
Miscellaneous
 c - a phial of floods
 e - a lightning rod (4/4)
 O - a phantom mirror
 P - a condenser vane


   Skills:
 + Level 26.9 Fighting
 - Level 20.2(21.0) Axes
 - Level 9.6(16.1) Polearms
 - Level 23.0 Armour
 - Level 17.6 Dodging
 - Level 0.8 Stealth
 - Level 16.0 Shields
 - Level 5.0 Evocations


You had 25 spell levels left.
You didn't know any spells.
Your spell library contained the following spells:

 Spells                   Type           Power      Damage    Failure   Level
 Apportation              Tloc           0%         N/A       94%         1
 Beastly Appendage        Tmut           0%         N/A       94%         1
 Kiss of Death            Conj/Necr      0%         2d5       94%         1
 Magic Dart               Conj           0%         1d3       94%         1
 Necrotise                Necr           0%         1d4       94%         1
 Shock                    Conj/Air       0%         1d3       94%         1
 Slow                     Hex            0%         N/A       94%         1
 Summon Small Mammal      Summ           0%         N/A       94%         1
 Call Imp                 Summ           0%         N/A       98%         2
 Cigotuvi's Dreadful Rot  Necr/Pois/Air  0%         N/A       98%         2
 Lesser Beckoning         Tloc           0%         N/A       98%         2
 Momentum Strike          Conj/Tloc      0%         3d8       98%         2
 Passwall                 Tmut/Erth      0%         N/A       98%         2
 Scorch                   Fire           0%         2d5       98%         2
 Searing Ray              Conj           0%         2d4       98%         2
 Sublimation of Blood     Necr           0%         N/A       98%         2
 Wereblood                Tmut           0%         N/A       98%         2
 Call Canine Familiar     Summ           0%         N/A       100%        3
 Confusing Touch          Hex            0%         N/A       100%        3
 Dazzling Flash           Conj/Hex       0%         N/A       100%        3
 Frozen Ramparts          Ice            0%         1d1       100%        3
 Gell's Gravitas          Tloc           0%         N/A       100%        3
 Hailstorm                Conj/Ice       0%         3d3       100%        3
 Ignite Poison            Fire/Tmut/Pois 0%         N/A       100%        3
 Mephitic Cloud           Conj/Pois/Air  0%         N/A       100%        3
 Portal Projectile        Hex/Tloc       0%         N/A       100%        3
 Spider Form              Tmut/Pois      0%         N/A       100%        3
 Stone Arrow              Conj/Erth      0%         3d7       100%        3
 Summon Guardian Golem    Hex/Summ       0%         N/A       100%        3
 Swiftness                Air            0%         N/A       100%        3
 Teleport Other           Tloc           0%         N/A       100%        3
 Tukima's Dance           Hex            0%         N/A       100%        3
 Vampiric Draining        Necr           0%         2d6       100%        3
 Airstrike                Air            0%         2d(0-16)  100%        4
 Anguish                  Hex/Necr       0%         N/A       100%        4
 Animate Armour           Summ/Erth      0%         N/A       100%        4
 Animate Dead             Necr           0%         N/A       100%        4
 Cause Fear               Hex            0%         N/A       100%        4
 Dispel Undead            Necr           0%         3d6       100%        4
 Flame Wave               Conj/Fire      0%         2d4       100%        4
 Fulminant Prism          Conj/Hex       0%         3d5       100%        4
 Ice Form                 Ice/Tmut       0%         N/A       100%        4
 Iskenderun's Mystic Bla  Conj/Tloc      0%         2d3       100%        4
 Leda's Liquefaction      Hex/Erth       0%         N/A       100%        4
 Passage of Golubria      Tloc           0%         N/A       100%        4
 Petrify                  Tmut/Erth      0%         N/A       100%        4
 Summon Ice Beast         Ice/Summ       0%         N/A       100%        4
 Summon Lightning Spire   Summ/Air       0%         N/A       100%        4
 Agony                    Necr           0%         N/A       100%        5
 Alistair's Intoxication  Tmut/Pois      0%         N/A       100%        5
 Blade Hands              Tmut           0%         N/A       100%        5
 Borgnjor's Vile Clutch   Necr/Erth      0%         N/A       100%        5
 Fireball                 Conj/Fire      0%         3d3       100%        5
 Freezing Cloud           Conj/Ice/Air   0%         6-21      100%        5
 Iskenderun's Battlesphe  Conj           0%         2d6       100%        5
 Silence                  Hex/Air        0%         N/A       100%        5
 Yara's Violent Unravell  Hex/Tmut       0%         3d3       100%        5
 Conjure Ball Lightning   Conj/Air       0%         3x3d6     100%        6
 Death Channel            Necr           0%         N/A       100%        6
 Iron Shot                Conj/Erth      0%         9d1       100%        6
 Simulacrum               Ice/Necr       0%         N/A       100%        6
 Statue Form              Tmut/Erth      0%         N/A       100%        6
 Summon Cactus Giant      Summ           0%         N/A       100%        6
 Enfeeble                 Hex            0%         N/A       100%        7
 Haunt                    Necr/Summ      0%         N/A       100%        7
 Orb of Destruction       Conj           0%         9d5       100%        7
 Spellforged Servitor     Conj/Summ      0%         N/A       100%        7
 Storm Form               Tmut/Air       0%         N/A       100%        7
 Summon Hydra             Summ           0%         N/A       100%        7
 Borgnjor's Revivificati  Necr           0%         N/A       100%        8
 Infestation              Necr           0%         N/A       100%        8
 Lehudib's Crystal Spear  Conj/Erth      0%         10d2      100%        8
 Maxwell's Capacitive Co  Air            0%         ∞         100%        8


Dungeon Overview and Level Annotations

Branches:
Dungeon (15/15)            Temple (0/1) D:6            Lair (5/5) D:8
  Swamp (4/4) Lair:2       Spider (4/4) Lair:2        Slime (0/5) Lair:4
    Orc (2/2) D:10            Elf (3/3) Orc:2        Vaults (5/5) D:14
  Crypt (3/3) Vaults:3       Tomb (0/3) Crypt:3      Depths (4/4) D:15
    Zot (5/5) Depths:4     Bailey (visited)           IceCv (visited)
Volcano (visited)          WizLab (visited)

Shops:
Orc:1 (   Orc:2 [=*!   Elf:2 !   Elf:3 :=:   Vaults:4 [[==   Vaults:5 :
Depths:4 !:

Portals:
Hell: Depths:1 Depths:2 Depths:3 Depths:4
Abyss: Depths:2 Depths:3
Pandemonium: Orc:2 Depths:2 Depths:3
Ziggurat: Depths:2

Annotations:
Zot:1 exclusion: door


Innate Abilities, Weirdness & Mutations

You have an increased reservoir of magic. (+10% MP)
You shall have no god before yourself.
Your divine heritage dramatically boosts your attributes as you level up.
You have a pair of small horns on your head.
You are partially covered in iridescent scales. (AC +2)
Your muscles are strong. (Str +4, Int/Dex -1)
Your spells are a little harder to cast, but a little more powerful.


Message History

A Ceastol and an Executioner come into view.
Blink to where?
Press: ? - help, Dir - move target
As you read the scroll of blinking, it crumbles to dust.
Ceastol moves out of view.
The Executioner moves out of view.
(D) Dungeon (T) Temple (L) Lair (S) Swamp (N) Spider Nest (M) Slime Pits (O) Orcish Mines (E) Elven Halls (V) Vaults (C) Crypt (W) Tomb (U) Depths (H) Hell (Z) Zot
Where to? (Enter - D:1 @ (x,y), ? - help)
There is an escape hatch in the floor here.
There is an escape hatch in the ceiling here.
A mysterious force pulls you upwards. The hatch slams shut behind you.
An ancient lich comes into view.
The ancient lich shouts!
You feel yourself speed up.
You feel much better.
You feel much better.
Okay, then.
Raiduat comes into view.
Raiduat gurgles, "Embrace thy failure, thou horrid nose-picking pissant!"
Raiduat gestures at you.
The orb of electricity explodes!
The orb of electricity engulfs you! You resist.
A quasit comes into view.
Unknown command.
You feel much better.
You feel much better.
You feel much better.
Blink to where?
Press: ? - help, Dir - move target
As you read the scroll of blinking, it crumbles to dust.
Blink to where?
Press: ? - help, Dir - move target
As you read the scroll of blinking, it crumbles to dust.
Your extra speed is starting to run out.
Blink to where?
Press: ? - help, Dir - move target
As you read the scroll of blinking, it crumbles to dust.
You have escaped!

##########
≈≈≈≈≈≈≈≈≈≈≈≈≈≈≈≈#
≈≈≈≈≈≈≈≈~≈≈≈~≈~~#
≈≈≈≈≈≈~≈≈~~....~#
#≈≈≈≈≈~≈~~~~~~~.~#
#≈≈≈≈~≈~.~~~.....#
#≈≈≈≈~~.~~..8...##
#≈≈~~.~......8..#
#≈≈≈~~~.@.......##
#≈~~~~~..........#
#≈≈~~............#
#≈≈.)~...........##
#≈~~~.............#
#≈~~~.............###
#≈~~.......88.......#
#≈≈~...........§....##
#≈~~..###............####


There were no monsters in sight!

Vanquished Creatures
  Tiamat (Zot:4)
  5 dread liches
  8 orbs of fire
  6 ancient liches
  The ghost of Beclu the Imperceptible, a legendary GnSk of Dithmenos (Zot:2)
  2 juggernauts
  The ghost of Foeroudum the Conqueror, a master MfBe of Trog (Zot:2)
  The ghost of Nyubb the Impregnable, a veteran MiGl of Hepliaklqana (Crypt:3)
  The ghost of KittyFluff the Impregnable, a master GrBe of Trog (Zot:4)
  A Killer Klown (Zot:5)
  Vv (Zot:1)
  Saint Roka (Depths:3)
  6 caustic shrikes
  5 curse toes
  11 golden dragons
  the Enchantress (Depths:2)
  A profane servitor (Crypt:1)
  2 bone dragons
  3 electric golems (Zot:5)
  18 tentacled monstrosities
  The ghost of Ruca the Executioner, an adept HOBe of Trog (Vaults:3)
  Mlioglotl (Swamp:4)
  26 Orb Guardians
  2 walking divine tomes
  5 liches
  Jorgrun (D:15)
  5 titans
  2 deep elf master archers (Elf:3)
  2 quicksilver dragons
  12 ancient champions
  8 sphinxes
  7 deep elf blademasters
  A thorn hunter (Swamp:4)
  14 death cobs
  24 shadow dragons
  Frances (Spider:1)
  Roxanne (Swamp:4)
  12 tengu reavers
  18 storm dragons
  3 azure jellies (IceCv)
  8 draconian monks
  4 draconian knights
  7 iron dragons
  4 revenants
  Donald (Swamp:1)
  5 emperor scorpions
  9 frost giants
  6 draconian scorchers
  11 fire giants
  8 ghost moths
  A rockslime (IceCv)
  A fenstrider witch (Swamp:3)
  6 deep elf sorcerers
  19 vault wardens
  A curse skull (Crypt:1)
  A juggernaut zombie (D:15)
  3 deep elf elementalists
  6 draconian annihilators
  2 orc warlords
  Louise (Swamp:4)
  6 draconian shifters
  5 spriggan defenders
  5 draconian stormcallers
  13 ironbound preservers
  5 quicksilver oozes (IceCv)
  A reaper (Depths:3)
  17 very ugly things
  7 ghouls
  3 broodmothers
  A war gargoyle (Vaults:5)
  The ghost of Teddeol the Severer, a journeyman NaRe of Uskayaw (Lair:3)
  10 ironbound thunderhulks
  11 black draconians
  9 stone giants
  16 vampire knights
  The ghost of monsoonserge the Skirmisher, a journeyman MeMo of Xom (Lair:3)
  11 green draconians
  8 deep elf demonologists
  4 dire elephants (Vaults:3)
  A bunyip (shapeshifter) (D:13)
  4 eleionomae (Swamp:3)
  15 deep elf annihilators
  3 bunyips
  10 yellow draconians
  8 red draconians
  7 spark wasps
  The ghost of Petet the Severer, a journeyman HOGl of Trog (Lair:3)
  11 purple draconians
  17 ettins
  The ghost of monsoonserge the Sinner, a journeyman MeMo of Elyvilon (Lair:1)
  13 white draconians
  The ghost of laqueoix the Severer, a journeyman FoFi of Uskayaw (Lair:2)
  4 entropy weavers
  8 deep elf death magi
  3 shambling mangroves (Swamp:4)
  4 eidola
  4 deep elf high priests
  9 fire dragons
  The ghost of Sazxiawk the Spear-Bearer, a journeyman VSFi of Uskayaw (Lair:3)
  Fannar (D:12)
  13 yaktaur captains
  12 jiangshi
  An entropy weaver (shapeshifter) (D:15)
  3 great orbs of eyes
  5 rakshasas
  38 vault guards
  Erolcha (Orc:1)
  11 ice dragons
  A hell beast (Zot:4)
  25 hydras
  5 catoblepae
  A ghost crab (Swamp:1)
  A caustic shrike simulacrum (Crypt:3)
  2 ogre magi
  The ghost of middlethird the Grappler, a journeyman VSTm of Cheibriados (Lair:1)
  4 radroaches
  A spriggan air mage (Depths:1)
  7 ironbound frosthearts
  2 demonspawn (Orc:2)
  A peacekeeper (Vaults:3)
  16 centaur warriors
  2 spriggan skeletons
  11 death yaks
  28 dancing weapons
  4 boulder beetles
  3 two-headed ogres
  6 tengu warriors
  7 alligators
  Urug (D:12)
  14 deep troll earth magi
  6 death knights
  3 spriggan berserkers
  10 deep troll shamans
  11 vampire magi
  8 orc high priests
  20 deep elf knights
  5 soul eaters
  A hell knight (Vaults:5)
  22 skeletal warriors
  A skyshark (Lair:4)
  14 iron trolls
  2 sun demons
  2 titan skeletons (Vaults:3)
  A storm dragon zombie (Crypt:3)
  6 pharaoh ants
  5 shadow wraiths (Crypt:3)
  2 sixfirhies
  7 flayed ghosts
  4 goliath frogs
  2 glowing orange brains (Depths:3)
  5 spriggan druids
  2 sun moths
  10 bog bodies
  12 swamp dragons
  10 wizards
  2 orange crystal statues
  12 orb spiders
  2 lindwurms
  58 deep trolls
  A swamp dragon (shapeshifter) (Vaults:5)
  Pikel (D:4)
  25 ironbound convokers
  8 steelbarb worms
  12 phantasmal warriors
  9 harpies
  15 deep elf archers
  5 spriggan simulacra (Crypt:3)
  8 orc knights
  A bunyip skeleton (Crypt:2)
  33 deep elf pyromancers
  8 necromancers
  A sphinx zombie (Crypt:2)
  35 deep elf zephyrmancers
  An iron dragon zombie (D:15)
  33 ugly things
  2 fire giant zombies
  7 orc sorcerers
  22 wolf spiders
  8 manticores
  2 will-o-the-wisps
  5 cyclopes
  2 sphinx skeletons
  A tengu skeleton (Vaults:3)
  4 shadow dragon skeletons
  A jorogumo skeleton (Crypt:1)
  A frost giant zombie (Depths:3)
  2 frost giant skeletons
  13 elephants
  28 moths of wrath
  Joseph (D:8)
  2 stone giant skeletons (Vaults:3)
  A titan simulacrum (Crypt:3)
  A storm dragon simulacrum (Crypt:3)
  An ice statue (Lair:5)
  4 cane toads
  A fire giant skeleton (Depths:2)
  Maggie (D:6)
  A gargoyle (D:11)
  8 torpor snails
  15 vault sentinels
  8 demonic crawlers
  8 black mambas
  A centaur skeleton (Crypt:3)
  2 orange demons
  A dire elephant skeleton (Crypt:2)
  An unseen horror (D:13)
  35 yaktaurs
  7 komodo dragons
  A redback zombie (Crypt:2)
  4 kobold demonologists
  A bunyip simulacrum (Crypt:3)
  2 rime drakes
  23 freezing wraiths
  2 guardian mummies
  An ice devil (Zot:4)
  A human skeleton (Vaults:3)
  A red draconian skeleton (Crypt:3)
  A black draconian skeleton (Crypt:1)
  2 red devils
  4 elf skeletons (Vaults:3)
  2 tengu conjurers
  2 yaktaur skeletons (Vaults:3)
  A wind drake (shapeshifter) (D:13)
  A merfolk (shapeshifter) (Vaults:5)
  11 tyrant leeches
  8 meliai
  Grinder (D:3)
  10 polar bears
  A mana viper zombie (Crypt:1)
  A shadow dragon simulacrum (Crypt:3)
  Prince Ribbit (D:7)
  A tarantella (shapeshifter) (Depths:2)
  21 tarantellas
  6 trolls
  12 hornets
  21 blink frogs
  A hydra skeleton (Crypt:2)
  An ettin zombie (Depths:1)
  A radroach zombie (Crypt:2)
  2 spriggan zombies
  A fire dragon skeleton (Crypt:1)
  5 dream sheep
  21 slime creatures
  18 jumping spiders
  2 centaur simulacra (Crypt:3)
  An ice dragon skeleton (Crypt:2)
  A naga simulacrum (Crypt:3)
  2 ynoxinuls
  6 vampires
  12 wraiths
  12 culicivoras
  22 spriggans
  2 dire elephant simulacra (Crypt:3)
  An air elemental (Elf:3)
  6 water elementals
  11 fire elementals
  5 ettin skeletons
  3 wyverns
  41 yaks
  15 humans (D:14)
  4 basilisks
  A hog (shapeshifter) (Vaults:5)
  Eustachio (D:4)
  A chaos spawn (D:12)
  Grum (D:8)
  20 vampire mosquitoes
  32 redbacks
  4 steam dragons
  8 wargs
  2 merfolk zombies (Crypt:3)
  A glowing shapeshifter zombie (Crypt:3)
  17 swamp worms
  A swamp worm (shapeshifter) (Vaults:4)
  4 two-headed ogre zombies (WizLab)
  3 floating eyes
  9 water moccasins
  Duvessa (D:6)
  4 acid dragons
  5 ice beasts
  8 hell hounds
  9 swamp drakes
  A black bear (D:7)
  4 sky beasts
  35 orc warriors
  3 ettin simulacra (Crypt:3)
  6 great orb of eyes simulacra (IceCv)
  An ice dragon simulacrum (Crypt:3)
  2 swamp dragon zombies (Crypt:1)
  9 boggarts
  21 ogres
  15 centaurs
  3 slime creature simulacra (IceCv)
  A swamp dragon skeleton (Crypt:3)
  An elephant skeleton (Crypt:3)
  28 wolves
  A manticore skeleton (Crypt:3)
  A lemure (D:3)
  A hog skeleton (Crypt:2)
  7 kobold brigands
  2 phantoms
  18 bullfrogs
  A draconian zombie (Crypt:1)
  A vine stalker zombie (Crypt:3)
  An earth elemental (Elf:2)
  A necrophage (Crypt:2)
  4 gnoll sergeants
  4 scorpions
  4 glowing shapeshifter simulacra (IceCv)
  A water moccasin skeleton (Crypt:3)
  Dowan (D:6)
  10 wights
  12 killer bees
  8 troll zombies (WizLab)
  A warg skeleton (Crypt:3)
  A troll skeleton (Crypt:3)
  2 electric eels (Lair:1)
  2 howler monkeys
  A wolf skeleton (Crypt:1)
  A lava snake (D:7)
  A bullfrog zombie (Crypt:2)
  4 quasits (D:12)
  A centaur zombie (Crypt:2)
  4 hounds
  3 jellies
  A gnoll bouda (Orc:2)
  29 orc priests
  10 iguanas
  2 sleepcaps
  Natasha (thrice) (D:3)
  11 hell rats
  25 orc wizards
  7 ogre zombies (WizLab)
  2 tengu zombies
  A hound skeleton (Crypt:1)
  12 mummies (Crypt:3)
  22 gnolls
  10 adders
  A steam dragon zombie (Crypt:1)
  A shadow imp (D:7)
  4 white imps
  3 ufetubi
  A dart slug (D:2)
  78 orcs
  A ball python (D:2)
  10 endoplasms
  5 giant cockroaches
  A gnoll zombie (Crypt:2)
  7 hobgoblins
  4 jackals (D:4)
  5 quokkas
  5 bats
  7 frilled lizards
  A frilled lizard skeleton (Crypt:2)
  9 goblins
  22 kobolds
  A quokka zombie (Crypt:3)
  3 rats
  A spectral weapon (Zot:5)
2456 creatures vanquished.

Vanquished Creatures (collateral kills)
  A two-headed ogre (Bailey)
  Amaemon (Lair:2)
  A goliath frog (shapeshifter) (D:14)
  A demonic crawler (Spider:2)
  A meliai (D:13)
  An ogre (Bailey)
  A gnoll (Orc:2)
7 creatures vanquished.

Vanquished Creatures (others)
  An azure jelly (Zot:5)
  A ghost moth (Zot:5)
  A draconian stormcaller (Zot:3)
  An ironbound preserver (Vaults:5)
  A red draconian (Zot:4)
  A deep elf annihilator (Elf:1)
  An ice dragon (Zot:3)
  A deep elf archer (Elf:1)
  2 wizards
  A deep elf zephyrmancer (Elf:2)
  A deep elf pyromancer (Volcano)
  A wolf spider (Spider:2)
  A moth of wrath (Zot:1)
  3 bloated husks
  A meliai (D:13)
  2 spriggans
  2 yaks (Lair:1)
  An ogre (Bailey)
  A gnoll (Orc:2)
  4 foxfires
28 creatures vanquished.

Grand Total: 2491 creatures vanquished

Notes
Turn   | Place    | Note
-------+----------+-------------------------------------------
     0 | D:1      | LordWeiramon the Demigod Artificer began the quest for the
                  | Orb.
     0 | D:1      | Reached XP level 1. HP: 15/15 MP: 3/3
    34 | D:1      | Reached skill level 1 in Fighting
   319 | D:1      | Reached skill level 2 in Fighting
   326 | D:1      | Reached XP level 2. HP: 15/24 MP: 4/4
  1076 | D:2      | Reached XP level 3. HP: 30/30 MP: 5/5
  1190 | D:2      | Reached skill level 3 in Fighting
  1286 | D:2      | Reached skill level 1 in Axes
  1732 | D:3      | Noticed Natasha
  1739 | D:3      | Killed Natasha
  1740 | D:3      | Reached XP level 4. HP: 20/38 MP: 6/6
  1814 | D:3      | Noticed Grinder
  1904 | D:4      | Identified the +2 spear of Proximity {flame, Will+}
  2189 | D:3      | Noticed Natasha
  2209 | D:3      | Killed Natasha
  2210 | D:3      | Reached skill level 1 in Polearms
  2228 | D:3      | Noticed Natasha
  2230 | D:3      | Killed Natasha
  2678 | D:3      | Paralysed by Grinder for 2 turns
  2854 | D:4      | Reached XP level 5. HP: 45/45 MP: 7/7
  3267 | D:4      | Noticed Eustachio
  3327 | D:4      | Killed Eustachio
  3328 | D:4      | Reached XP level 6. HP: 51/51 MP: 8/8
  3861 | D:4      | Noticed Pikel
  3964 | D:3      | Killed Grinder
  3965 | D:3      | Reached XP level 7. HP: 47/57 MP: 9/9
  4098 | D:5      | Entered Level 5 of the Dungeon
  4103 | D:5      | Noticed a wyvern
  4262 | D:4      | Killed Pikel
  4263 | D:4      | Reached skill level 5 in Armour
  4263 | D:4      | Reached XP level 8. HP: 28/63 MP: 10/10
  5236 | D:6      | Noticed Duvessa
  5404 | D:6      | Reached skill level 5 in Shields
  5794 | D:6      | Found a staircase to the Ecumenical Temple.
  5923 | D:6      | Reached XP level 9. HP: 65/69 MP: 11/11
  6107 | D:6      | Noticed Dowan
  6268 | D:6      | Noticed Maggie
  6300 | D:6      | Killed Maggie
  6556 | D:6      | Killed Duvessa
  6557 | D:6      | Killed Dowan
  7846 | D:8      | Noticed Joseph
  7935 | D:7      | Reached skill level 5 in Axes
  8134 | D:8      | Noticed Prince Ribbit
  8152 | D:7      | Reached skill level 4 in Fighting
  8321 | D:7      | Reached XP level 10. HP: 67/80 MP: 13/13
  8559 | D:8      | Killed Joseph
  8560 | D:8      | Reached skill level 5 in Fighting
  8777 | D:7      | Killed Prince Ribbit
  9066 | D:8      | Found a staircase to the Lair.
  9175 | D:8      | Reached skill level 5 in Dodging
 10409 | D:8      | Noticed Grum
 10426 | D:8      | Killed Grum
 11248 | D:9      | Reached XP level 11. HP: 55/86 MP: 14/14
 11732 | D:9      | Found a flagged portal.
 11743 | Bailey   | Entered a bailey
 12276 | Bailey   | Noticed a two-headed ogre
 12289 | Bailey   | Killed a two-headed ogre
 12340 | Bailey   | Reached skill level 5 in Evocations
 12812 | D:10     | Entered Level 10 of the Dungeon
 13610 | D:10     | Found a staircase to the Orcish Mines.
 13841 | D:9      | Reached skill level 10 in Axes
 14309 | D:11     | Noticed a tengu warrior
 14638 | D:11     | Noticed a phantasmal warrior
 14915 | Lair:1   | Entered Level 1 of the Lair of Beasts
 15502 | Lair:1   | Found a runed translucent gate.
 15503 | Lair:1   | Found a runed translucent gate.
 15504 | Lair:1   | Found a runed translucent gate.
 15513 | Lair:1   | Noticed monsoonserge's ghost (journeyman MeMo)
 15513 | Lair:1   | Noticed middlethird's ghost (journeyman VSTm)
 16474 | Lair:1   | Reached XP level 12. HP: 54/94 MP: 15/15
 17738 | Lair:2   | Found a hole to the Spider Nest.
 17827 | Lair:2   | Found a dark tunnel.
 17836 | Volcano  | Entered a volcano
 18818 | Lair:2   | Found a runed translucent gate.
 18819 | Lair:2   | Found a runed translucent gate.
 18819 | Lair:2   | Noticed laqueoix's ghost (journeyman FoFi)
 18819 | Lair:2   | Noticed a 13-headed hydra
 18820 | Lair:2   | Found a runed translucent gate.
 18820 | Lair:2   | Noticed a ten-headed hydra
 19240 | Lair:2   | Found a staircase to the Swamp.
 19807 | Lair:2   | Noticed Amaemon
 19944 | Lair:2   | Found a transporter.
 19946 | Lair:2   | Found a transporter.
 19947 | Lair:2   | Noticed a boulder beetle
 19947 | Lair:2   | Noticed a boulder beetle
 20325 | Lair:3   | Noticed Teddeol's ghost (journeyman NaRe)
 20325 | Lair:3   | Noticed monsoonserge's ghost (journeyman MeMo)
 20325 | Lair:3   | Noticed Sazxiawk's ghost (journeyman VSFi)
 20325 | Lair:3   | Noticed Petet's ghost (journeyman HOGl)
 20325 | Lair:3   | Found a runed translucent gate.
 20325 | Lair:3   | Found a runed translucent gate.
 20325 | Lair:3   | Found a runed translucent gate.
 20330 | Lair:3   | Noticed a five-headed hydra
 20513 | Lair:3   | Noticed a seven-headed hydra
 20519 | Lair:3   | Reached skill level 6 in Fighting
 21575 | Lair:4   | Noticed an eight-headed hydra
 21602 | Lair:4   | Noticed a catoblepas
 21774 | Lair:3   | Reached XP level 13. HP: 82/104 MP: 16/16
 22464 | Lair:4   | Reached skill level 15 in Axes
 22643 | Lair:4   | Found a staircase to the Slime Pits.
 24118 | Lair:5   | Entered Level 5 of the Lair of Beasts
 25258 | Lair:4   | Reached skill level 7 in Fighting
 25708 | Lair:5   | Reached skill level 8 in Fighting
 26590 | Lair:5   | Reached skill level 9 in Fighting
 26985 | Lair:5   | Identified the +6 mace "Kaguikk" {flame, rF+ Int+7 Dex+4}
 27402 | Lair:5   | Reached skill level 10 in Fighting
 27545 | Lair:5   | Reached XP level 14. HP: 121/121 MP: 17/17
 28352 | Lair:1   | Killed monsoonserge's ghost
 28353 | Lair:1   | Killed middlethird's ghost
 29010 | D:11     | You fall into a shaft and drop 1 floor!
 30080 | D:12     | Noticed Fannar
 30110 | D:12     | Killed Fannar
 30888 | D:12     | Noticed Urug
 30902 | D:12     | Killed Urug
 31204 | D:13     | Reached skill level 10 in Armour
 34523 | D:14     | Found a gate to the Vaults.
 35157 | D:14     | Identified a scroll of acquirement
 35157 | D:14     | Acquired a +1 war axe of flaming
 35231 | D:15     | Entered Level 15 of the Dungeon
 35316 | D:15     | Reached XP level 15. HP: 118/126 MP: 18/18
 35537 | D:14     | Reached skill level 10 in Dodging
 35857 | D:15     | Noticed Jorgrun
 36119 | D:15     | Killed Jorgrun
 36366 | D:15     | Found a staircase to the Depths.
 37248 | Orc:1    | Entered Level 1 of the Orcish Mines
 37248 | Orc:1    | Noticed Erolcha
 37255 | Orc:1    | Killed Erolcha
 37659 | Orc:1    | Found Yteovvos's Weapon Emporium.
 37794 | Orc:2    | Entered Level 2 of the Orcish Mines
 37913 | Orc:2    | Found a staircase to the Elven Halls.
 38026 | Orc:2    | Noticed Nessos
 38034 | Orc:2    | Nessos changed into Nessos the floating eye
 38034 | Orc:2    | Noticed Nessos
 38035 | Orc:2    | Paralysed by Nessos for 2 turns
 38038 | Orc:2    | Killed Nessos the floating eye
 38526 | Orc:2    | Found Ipiatoah's General Store.
 38539 | Orc:2    | Found Nuseuq's Distillery.
 38763 | Orc:2    | Bought a potion of heal wounds for 90 gold pieces
 38763 | Orc:2    | Bought a scroll of teleportation for 54 gold pieces
 38765 | Orc:2    | Bought a potion of invisibility for 80 gold pieces
 38765 | Orc:2    | Bought a potion of might for 40 gold pieces
 38765 | Orc:2    | Bought a potion of invisibility for 80 gold pieces
 38765 | Orc:2    | Bought a potion of flight for 30 gold pieces
 38765 | Orc:2    | Bought a potion of curing for 30 gold pieces
 38765 | Orc:2    | Bought a potion of flight for 30 gold pieces
 38765 | Orc:2    | Bought a potion of haste for 100 gold pieces
 39406 | Orc:2    | Found Utyli's Antique Armour Emporium.
 39406 | Orc:2    | Found a one-way gate leading to the halls of Pandemonium.
 39406 | Orc:2    | Found Duquusol's Jewellery Shoppe.
 39410 | Orc:2    | Bought the ring "Jovuwn" {rElec rC- rN+ Int+6 Stlth+} for
                  | 600 gold pieces
 39410 | Orc:2    | Bought a ring of flight for 210 gold pieces
 39812 | Lair:5   | Identified the staff of fire "Naekuabe" {Fly rPois rF+
                  | rCorr}
 40733 | Lair:2   | Killed laqueoix's ghost
 41090 | Lair:2   | Killed Amaemon
 41215 | Swamp:1  | Entered Level 1 of the Swamp
 41218 | Swamp:1  | Identified the scarf of the Delicate God {repulsion, rElec
                  | Will+}
 42050 | Swamp:1  | Noticed Donald
 42056 | Swamp:1  | Killed Donald
 42957 | Swamp:2  | Reached XP level 16. HP: 94/134 MP: 19/19
 44035 | Swamp:3  | Reached skill level 10 in Shields
 44418 | Swamp:4  | Entered Level 4 of the Swamp
 44592 | Swamp:4  | Identified Roxanne's Anthology of Reformation
 44592 | Swamp:4  | Noticed Roxanne
 45101 | Swamp:4  | Noticed Louise
 45247 | Spider:1 | Entered Level 1 of the Spider Nest
 46104 | Spider:1 | Noticed Frances
 47057 | Spider:1 | Killed Frances
 49793 | Spider:2 | Reached XP level 17. HP: 129/138 MP: 20/20
 50337 | Spider:3 | Identified the +7 sling "Ramoedit" {antimagic, Drain Int+4
                  | Dex+3}
 50796 | Swamp:4  | Killed Louise
 51741 | Swamp:4  | Reached skill level 15 in Shields
 51908 | Swamp:4  | Noticed Mlioglotl
 51910 | Swamp:4  | Noticed an ancient lich
 52035 | Swamp:4  | Killed Mlioglotl
 52492 | Swamp:4  | Got a decaying rune of Zot
 53250 | Spider:4 | Entered Level 4 of the Spider Nest
 53274 | Spider:4 | Reached skill level 11 in Fighting
 54453 | Spider:4 | Reached skill level 12 in Fighting
 55100 | Spider:4 | Got a gossamer rune of Zot
 55843 | Elf:1    | Entered Level 1 of the Elven Halls
 55856 | Elf:1    | Reached skill level 13 in Fighting
 56065 | Elf:1    | Identified the +8 falchion "Nomufed" {elec, rElec rC+
                  | Int-2}
 56337 | Elf:1    | Reached skill level 14 in Fighting
 56527 | Elf:1    | Got the Guide on the Volley
 56560 | Elf:1    | Reached XP level 18. HP: 153/160 MP: 21/21
 56708 | Elf:1    | Found a huge runed gate.
 56708 | Elf:1    | Found a huge runed gate.
 56708 | Elf:1    | Found a huge runed gate.
 56708 | Elf:1    | Found a huge runed gate.
 56709 | Elf:1    | Found a huge runed gate.
 56710 | Elf:1    | Found a huge runed gate.
 56710 | Elf:1    | Found a huge runed gate.
 56711 | Elf:1    | Found a huge runed gate.
 56711 | Elf:1    | Found a huge runed gate.
 56711 | Elf:1    | Found a huge runed gate.
 56725 | Elf:1    | Found a huge runed gate.
 56737 | Elf:1    | Found a huge runed gate.
 56737 | Elf:1    | Found a huge runed gate.
 56737 | Elf:1    | Found a huge runed gate.
 56737 | Elf:1    | Found a huge runed gate.
 56737 | Elf:1    | Found a huge runed gate.
 56737 | Elf:1    | Found a huge runed gate.
 56738 | Elf:1    | Found a huge runed gate.
 56739 | Elf:1    | Found a huge runed gate.
 56740 | Elf:1    | Found a huge runed gate.
 56750 | Elf:1    | Found a huge runed gate.
 56750 | Elf:1    | Found a huge runed gate.
 56753 | Elf:1    | Found a huge runed gate.
 56754 | Elf:1    | Found a huge runed gate.
 56755 | Elf:1    | Found a huge runed gate.
 56756 | Elf:1    | Found a huge runed gate.
 56757 | Elf:1    | Found a huge runed gate.
 56758 | Elf:1    | Found a huge runed gate.
 56759 | Elf:1    | Found a huge runed gate.
 57010 | Elf:1    | Found a huge runed gate.
 57010 | Elf:1    | Found a huge runed gate.
 57010 | Elf:1    | Found a huge runed gate.
 57010 | Elf:1    | Found a huge runed gate.
 57010 | Elf:1    | Found a huge runed gate.
 57010 | Elf:1    | Found a huge runed gate.
 57010 | Elf:1    | Found a huge runed gate.
 57862 | Elf:2    | Found Baduj's Distillery.
 57867 | Elf:2    | Bought a potion of flight for 54 gold pieces
 57867 | Elf:2    | Bought a potion of haste for 180 gold pieces
 57867 | Elf:2    | Bought a potion of curing for 54 gold pieces
 57867 | Elf:2    | Bought a potion of heal wounds for 90 gold pieces
 57867 | Elf:2    | Bought a potion of mutation for 144 gold pieces
 57867 | Elf:2    | Bought a potion of berserk rage for 90 gold pieces
 57867 | Elf:2    | Bought a potion of heal wounds for 90 gold pieces
 57867 | Elf:2    | Bought a potion of haste for 180 gold pieces
 57912 | Elf:2    | Reached skill level 15 in Fighting
 58134 | Elf:2    | Found a huge runed translucent gate.
 58134 | Elf:2    | Found a huge runed translucent gate.
 58134 | Elf:2    | Found a huge runed translucent gate.
 58134 | Elf:2    | Found a huge runed translucent gate.
 58135 | Elf:2    | Found a huge runed translucent gate.
 59355 | Elf:3    | Entered Level 3 of the Elven Halls
 59449 | Elf:3    | Found a frozen archway.
 59463 | IceCv    | Entered an ice cave
 59632 | IceCv    | Identified the amulet of Sann {RegenMP Fly rF- Int+3}
 60092 | IceCv    | Got the ring "Gefeu" {Ice rElec Str+4 Dex-4}
 60097 | IceCv    | Got the ring of Mapel {rC+ Str+2 SInv Stlth+}
 60100 | IceCv    | Identified the amulet "Joass" {Reflect Str+2 SH+5}
 60216 | Elf:3    | Found Gathrisem's Book Boutique.
 60216 | Elf:3    | Found Bisyof's Jewellery Emporium.
 60217 | Elf:3    | Found Icefeho's Book Boutique.
 60229 | Elf:3    | Bought the ring of Hiobuiph {+Blink rPois rC+ EV+5 Dex+4}
                  | for 1183 gold pieces
 60761 | Elf:3    | Reached skill level 15 in Armour
 60763 | Elf:3    | Noticed a Tzitzimitl
 61060 | Elf:3    | Identified the +2 flail of Equivalence {freeze, rF+}
 61382 | Elf:3    | Identified the staff of air "Bamiunib" {rElec rN+ Str+3}
 61466 | Elf:3    | Reached XP level 19. HP: 127/170 MP: 22/22
 61709 | Elf:3    | Identified the +0 ring mail "Jemodaes" {Int+4}
 61709 | Elf:3    | Identified the ring of Entrepreneurial Spirit {rPois rF+
                  | Int+3 Dex+6}
 61859 | Elf:3    | Identified the staff of air "Geudecsoyxa" {rElec Will+
                  | rCorr Stlth+}
 61932 | Elf:3    | Identified the staff of cold "Vareg" {Fly rF+ rC+ Will+
                  | Stlth-}
 62408 | Swamp:4  | Killed Roxanne
 62606 | Lair:3   | Killed Teddeol's ghost
 62612 | Lair:3   | Killed Sazxiawk's ghost
 62618 | Lair:3   | Killed Petet's ghost
 62619 | Lair:3   | Killed monsoonserge's ghost
 62633 | Lair:3   | Identified the +1 glaive of Sharkskin {freeze, rF- Will+
                  | Dex+2}
 62852 | Vaults:1 | Entered Level 1 of the Vaults
 63113 | Vaults:1 | Found a magical portal.
 63123 | WizLab   | Entered Zonguldrok's Shrine
 63505 | WizLab   | Noticed an antique lich
 63506 | WizLab   | Found the +9 sword of Zonguldrok {reap}
 63512 | WizLab   | Killed an antique lich
 63929 | Vaults:1 | Identified the +2 ring mail of Beogh's Hope {Will+++}
 64428 | Vaults:1 | You fall into a shaft and drop 1 floor!
 64508 | Vaults:2 | Reached skill level 15 in Dodging
 65260 | Vaults:2 | Found a gateway to a bazaar.
 65797 | Vaults:3 | Reached XP level 20. HP: 150/178 MP: 24/24
 65857 | Vaults:3 | Found a staircase to the Crypt.
 66984 | Vaults:3 | Found a runed translucent door.
 66985 | Vaults:3 | Noticed Ruca's ghost (adept HOBe)
 67002 | Vaults:3 | Killed Ruca's ghost
 67483 | Vaults:4 | Found Ihaoproef's Antique Armour Boutique.
 67491 | Vaults:4 | Bought a glowing helmet for 262 gold pieces
 67502 | Vaults:4 | Bought a pair of fine boots for 332 gold pieces
 67502 | Vaults:4 | Identified the +1 pair of boots "Fuimuaz" {rN+ Str+2} (You
                  | bought it in a shop on level 4 of the Vaults)
 67804 | Vaults:4 | Found Kengic's Jewellery Shoppe.
 67890 | Vaults:4 | Found Nuice's Jewellery Shop.
 68063 | Vaults:4 | Found Wokkin's Armour Shoppe.
 68449 | Vaults:4 | Found a gateway to a bazaar.
 68631 | Crypt:1  | Entered Level 1 of the Crypt
 69762 | Crypt:1  | Noticed a profane servitor
 69773 | Crypt:1  | Killed a profane servitor
 69890 | Crypt:1  | Identified the +5 lajatang of Duty {flame, rN+ Int+3}
 70180 | Crypt:2  | Reached XP level 21. HP: 179/187 MP: 25/25
 70184 | Crypt:2  | Reached skill level 16 in Fighting
 71076 | Crypt:3  | Entered Level 3 of the Crypt
 71303 | Crypt:3  | Found a staircase to the Tomb.
 71427 | Crypt:3  | Reached skill level 17 in Fighting
 71532 | Crypt:3  | Identified the +5 trident of Mastery {flame, rCorr}
 72000 | Crypt:3  | Found a runed translucent door.
 72001 | Crypt:3  | Noticed Nyubb's ghost (veteran MiGl)
 72254 | Crypt:3  | Reached skill level 18 in Fighting
 72276 | Crypt:3  | Noticed a curse toe
 72281 | Crypt:3  | Killed a curse toe
 72296 | Crypt:3  | Identified the amulet of Ucoipar {Reflect rElec rCorr Int+5
                  | Dex-2 SH+5}
 72383 | Crypt:3  | Found the +2 cloak of the Thief {*Fog Slay-2 SInv Stlth+}
 72434 | Crypt:3  | Got Mewy Axzy's Secrets of Topography and the Winter
 72503 | Crypt:3  | Killed Nyubb's ghost
 72519 | Crypt:3  | Got the Discursus on Tephra
 73142 | Elf:1    | Reached skill level 19 in Fighting
 73163 | Elf:1    | Identified the staff of air "Ilylol" {rElec Str+6 Stlth+}
 73468 | Depths:1 | Entered Level 1 of the Depths
 73921 | Depths:1 | Found a gateway to Hell.
 73972 | Depths:1 | Noticed a dread lich
 73993 | Depths:1 | Killed a dread lich
 74264 | Depths:1 | Reached XP level 22. HP: 180/197 MP: 26/26
 74287 | Depths:1 | Reached skill level 20 in Fighting
 74456 | Depths:1 | Got the Quarto of the Cemetery
 74889 | Depths:2 | Found a one-way gate to the infinite horrors of the Abyss.
 75521 | Depths:2 | Noticed a juggernaut
 75529 | Depths:2 | Killed a juggernaut
 75609 | Depths:2 | Identified the -2 helmet "Wyinaasamu" {rF- Dex+5}
 75613 | Depths:2 | Noticed a caustic shrike
 75619 | Depths:2 | Killed a caustic shrike
 75646 | Depths:2 | Identified the +2 ring mail of Abeetut {Harm rCorr}
 75964 | Depths:2 | Noticed the Enchantress
 75973 | Depths:2 | Killed the Enchantress
 76287 | Depths:2 | Found a one-way gateway to a ziggurat.
 76692 | Depths:3 | You fall into a shaft and drop 1 floor!
 76692 | Depths:4 | Entered Level 4 of the Depths
 76692 | Depths:4 | Noticed a caustic shrike
 76703 | Depths:4 | Killed a caustic shrike
 77065 | Depths:3 | Noticed a juggernaut
 77065 | Depths:3 | Noticed a caustic shrike
 77065 | Depths:3 | Noticed a caustic shrike
 77065 | Depths:3 | Noticed a caustic shrike
 77065 | Depths:3 | Noticed a caustic shrike
 77070 | Depths:3 | Killed a caustic shrike
 77072 | Depths:3 | Killed a caustic shrike
 77077 | Depths:3 | Killed a caustic shrike
 77083 | Depths:3 | Killed a caustic shrike
 77089 | Depths:3 | Killed a juggernaut
 77636 | Depths:3 | Noticed Saint Roka
 77652 | Depths:3 | Killed Saint Roka
 77955 | Depths:3 | Reached XP level 23. HP: 215/215 MP: 27/27
 78162 | Depths:3 | Found a runed translucent door.
 78905 | Depths:4 | Found Urphuqa's Book Shop.
 78909 | Depths:4 | Found Nehuottu's Distillery.
 78922 | Depths:4 | Bought a potion of haste for 120 gold pieces
 78922 | Depths:4 | Bought 2 potions of curing for 72 gold pieces
 78922 | Depths:4 | Bought a potion of haste for 120 gold pieces
 78922 | Depths:4 | Bought a potion of cancellation for 96 gold pieces
 78922 | Depths:4 | Bought a potion of haste for 120 gold pieces
 79780 | Depths:4 | Found a gate to the Realm of Zot.
 80458 | Bazaar   | Entered a bazaar
 80465 | Bazaar   | Found Hibb's Book Shop.
 80491 | Bazaar   | Found Omug's Jewellery Shop.
 80499 | Bazaar   | Bought the amulet of Xom's Flight of Fancy {Reflect Will+
                  | Str+2 Dex+5 SH+5 Stlth-} for 782 gold pieces
 80585 | Vaults:5 | Entered Level 5 of the Vaults
 81042 | Vaults:5 | Identified the +7 scimitar of Terra Cotta {pain, Contam
                  | +Blink rN+++ Dex+4}
 81045 | Vaults:5 | Found Neulloun's Book Shop.
 81070 | Vaults:5 | Acquired a manual of Armour
 81098 | Vaults:5 | Noticed an ancient lich
 81110 | Vaults:5 | Killed an ancient lich
 81168 | Vaults:5 | Noticed an ancient lich
 81228 | Vaults:5 | Killed an ancient lich
 81712 | Vaults:5 | Identified the +6 giant spiked club of Pybbufel {spect,
                  | Drain rF+ rCorr Int+2}
 81773 | Vaults:5 | Identified the staff of conjuration "Hian" {Int+3}
 81804 | Vaults:5 | Reached XP level 24. HP: 202/223 MP: 27/27
 82263 | Vaults:5 | Got a silver rune of Zot
 82757 | Bazaar   | Entered a bazaar
 82762 | Bazaar   | Found Icostryko's Armour Boutique.
 82780 | Bazaar   | Found Luaffah's Distillery.
 82790 | Bazaar   | Found Ukloppou's Assorted Antiques.
 82801 | Bazaar   | Found Ruhehi Nowaxt's Book Shop.
 82820 | Bazaar   | Bought a potion of haste for 300 gold pieces
 82820 | Bazaar   | Bought a potion of curing for 90 gold pieces
 82829 | Bazaar   | Bought a potion of curing for 36 gold pieces
 82829 | Bazaar   | Bought 2 potions of mutation for 192 gold pieces
 82829 | Bazaar   | Bought a potion of might for 48 gold pieces
 82829 | Bazaar   | Bought a potion of curing for 36 gold pieces
 82829 | Bazaar   | Bought a potion of curing for 36 gold pieces
 83074 | Zot:1    | Entered Level 1 of the Realm of Zot
 83074 | Zot:1    | Noticed an orb of fire
 83083 | Zot:1    | Killed an orb of fire
 83174 | Zot:1    | Noticed an orb of fire
 83183 | Zot:1    | Killed an orb of fire
 83187 | Zot:1    | Noticed a dread lich
 83202 | Zot:1    | Killed a dread lich
 83274 | Zot:1    | Acquired 783 gold pieces
 83503 | Zot:1    | Identified the staff of cold "Heykergh" {Drain rC+ rN+++
                  | Int+8 Stlth-}
 83568 | Zot:1    | Noticed an orb of fire
 83574 | Zot:1    | Killed an orb of fire
 83725 | Zot:1    | Paralysed by a floating eye for 2 turns
 83747 | Zot:1    | Noticed Vv
 83757 | Zot:1    | Reached skill level 21 in Fighting
 83920 | Zot:1    | Killed Vv
 84761 | Zot:2    | Found a transporter.
 84897 | Zot:2    | Noticed an orb of fire
 84918 | Zot:2    | Noticed Foeroudum's ghost (master MfBe)
 84920 | Zot:2    | Noticed Beclu's ghost (legendary GnSk)
 84921 | Zot:2    | Noticed a dread lich
 84929 | Zot:2    | Found a transporter.
 84971 | Zot:2    | Reached skill level 22 in Fighting
 85682 | Zot:2    | Gained mutation: You are clumsy. (Dex -2) [an orb of fire]
 85684 | Zot:2    | Killed an orb of fire
 85691 | Zot:2    | Killed a dread lich
 85713 | Zot:2    | Killed Beclu's ghost
 85736 | Zot:2    | Killed Foeroudum's ghost
 85746 | Zot:2    | Reached skill level 23 in Fighting
 86641 | Zot:3    | Reached XP level 25. HP: 217/243 MP: 27/27
 87024 | Zot:3    | Found the +5 robe of Misfortune {Harm *Corrode *Slow EV+5}
 87397 | Zot:4    | Reached skill level 24 in Fighting
 87703 | Zot:4    | Found the +4 dragonskin cloak
 87703 | Zot:4    | Noticed Tiamat
 87730 | Zot:4    | Killed Tiamat
 88177 | Zot:4    | Found a large runed translucent door.
 88177 | Zot:4    | Found a large runed translucent door.
 88180 | Zot:4    | Noticed KittyFluff's ghost (master GrBe)
 88213 | Zot:4    | Killed KittyFluff's ghost
 88342 | Zot:5    | Entered Level 5 of the Realm of Zot
 88819 | Zot:5    | Reached skill level 25 in Fighting
 88958 | Zot:5    | Noticed an orb of fire
 88963 | Zot:5    | Gained mutation: You occasionally shout uncontrollably at
                  | your foes. [an orb of fire]
 88967 | Zot:5    | Gained mutation: You are occasionally teleported next to
                  | monsters. [an orb of fire]
 88968 | Zot:5    | Gained mutation: Your body sometimes deteriorates upon
                  | taking damage. [an orb of fire]
 88970 | Zot:5    | Killed an orb of fire
 88971 | Zot:5    | Lost mutation: You occasionally shout uncontrollably at
                  | your foes. [potion of mutation]
 88971 | Zot:5    | Lost mutation: You are occasionally teleported next to
                  | monsters. [potion of mutation]
 88971 | Zot:5    | Lost mutation: Your body sometimes deteriorates upon taking
                  | damage. [potion of mutation]
 88971 | Zot:5    | Gained mutation: Your spells are a little harder to cast,
                  | but a little more powerful. [potion of mutation]
 88971 | Zot:5    | Gained mutation: You sometimes lose your temper in combat.
                  | [potion of mutation]
 88971 | Zot:5    | Gained mutation: Your mind is acute. (Int +4, Str/Dex -1)
                  | [potion of mutation]
 88972 | Zot:5    | Lost mutation: You sometimes lose your temper in combat.
                  | [potion of mutation]
 88972 | Zot:5    | Lost mutation: You are clumsy. (Dex -2) [potion of
                  | mutation]
 88972 | Zot:5    | Gained mutation: Your spells are harder to cast, but more
                  | powerful. [potion of mutation]
 88972 | Zot:5    | Gained mutation: You have hidden genetic defects. [potion
                  | of mutation]
 88972 | Zot:5    | Gained mutation: Your spells are much harder to cast, but
                  | much more powerful. [potion of mutation]
 88972 | Zot:5    | Gained mutation: You have a pair of small antennae on your
                  | head. [potion of mutation]
 88973 | Zot:5    | Lost mutation: Your mind is acute. (Int +4, Str/Dex -1)
                  | [potion of mutation]
 88973 | Zot:5    | Lost mutation: Your spells are much harder to cast, but
                  | much more powerful. [potion of mutation]
 88973 | Zot:5    | Lost mutation: Your spells are harder to cast, but more
                  | powerful. [potion of mutation]
 88973 | Zot:5    | Gained mutation: Your muscles are strong. (Str +4, Int/Dex
                  | -1) [potion of mutation]
 88974 | Zot:5    | Lost mutation: You have hidden genetic defects. [potion of
                  | mutation]
 88974 | Zot:5    | Lost mutation: You have a pair of small antennae on your
                  | head. [potion of mutation]
 88974 | Zot:5    | Lost mutation: Your spells are a little harder to cast, but
                  | a little more powerful. [potion of mutation]
 88974 | Zot:5    | Gained mutation: You have a pair of small horns on your
                  | head. [potion of mutation]
 88974 | Zot:5    | Gained mutation: Your spells are a little harder to cast,
                  | but a little more powerful. [potion of mutation]
 88974 | Zot:5    | Gained mutation: You are partially covered in iridescent
                  | scales. (AC +2) [potion of mutation]
 90349 | Zot:5    | Noticed an orb of fire
 90361 | Zot:5    | Killed an orb of fire
 90412 | Zot:5    | Noticed an ancient lich
 90418 | Zot:5    | Killed an ancient lich
 90440 | Zot:5    | Noticed an orb of fire
 90460 | Zot:5    | Noticed an ancient lich
 90463 | Zot:5    | Killed an orb of fire
 90472 | Zot:5    | Killed an ancient lich
 90566 | Zot:5    | Noticed an orb of fire
 90573 | Zot:5    | Killed an orb of fire
 90574 | Zot:5    | Reached skill level 26 in Fighting
 90623 | Zot:5    | Noticed an ancient lich
 90635 | Zot:5    | Killed an ancient lich
 90721 | Zot:5    | Noticed a dread lich
 90728 | Zot:5    | Killed a dread lich
 90755 | Zot:5    | Noticed a dread lich
 90767 | Zot:5    | Killed a dread lich
 90802 | Zot:5    | Reached XP level 26. HP: 260/264 MP: 27/27
 91054 | Zot:5    | Got the Orb of Zot
 91517 | D:2      | Noticed Ceastol the pandemonium lord
 91526 | D:1      | Noticed an ancient lich
 91531 | D:1      | Noticed Raiduat the pandemonium lord
 91568 | D:$      | Escaped with the Orb!

Illustrated notes

Levels and vault maps discovered:
D:1:      nicolae_arrival_washed_ashore, layout_rooms
D:2:      layout_rooms, shapermc_ecumenical_altar_venn
D:3:      layout_loops_ring, nicolae_overflow_hidden_temple,
          nicolae_uskayaw_suspiria, kennysheep_donut,
          kennysheep_cross_bottleneck, uniq_grinder, uniq_natasha
D:4:      layout_cave_pods, nicolae_wu_jian_wuxing_cycle, uniq_pikel,
          uniq_eustachio
D:5:      layout_loops_ring, nicolae_tso_carved_into_rock, st_stairs_8,
          hangedman_decor_riveting
D:6:      layout_rooms, fedhas_altar_3, minmay_temple_entry_overgrown,
          eino_small_chamber_without_monster, corexii_shack, uniq_duvessa,
          uniq_maggie
D:7:      layout_rooms, mainiacjoe_overflow_catwalk,
          kennysheep_opposing_triangles
D:8:      kb_forest_paths, layout_rooms, mainiacjoe_overflow_catch_the_wave,
          due_lair_maze_entry_diamond, uniq_joseph, uniq_prince_ribbit1,
          uniq_grum
D:9:      layout_basic, grunt_dithmenos_smoke_and_mirrors,
          okawaru_ov_weapons_minmay, enter_bailey_5
D:10:     layout_roguey, palyth_temple_overflow_mages,
          mainiacjoe_overflow_concentric_impassable,
          kennysheep_orc_monster_closet_entryway
D:11:     layout_roguey, kennysheep_just_a_vault
D:12:     layout_roguey, serial_demonic, serial_demonic_b, serial_demonic_g,
          serial_demonic_c, serial_demonic_d, hex_tiny, uniq_fannar, uniq_urug
D:13:     layout_basic, serial_rivers, chequers_serial_rivers_large_b,
          chequers_serial_rivers_micro_d, chequers_serial_rivers_small_3,
          chequers_serial_rivers_room_b, chequers_serial_rivers_micro_c,
          beargit_elvish_explorers
D:14:     layout_long_grid, grunt_vaults_entry_tiered, grunt_decor_resistance,
          st_stairs_2
D:15:     gammafunk_depths_entry_grave, layout_basic, minmay_misc_feat_five,
          uniq_jorgrun
Lair:1:   layout_long_grid, gammafunk_ghost_cemetery, lemuel_centaur_altar,
          lemuel_fruit_tree, serial_bayou_shore_a, grunt_megastairs_2
Lair:2:   gammafunk_boulding_lane, layout_cellular_growth,
          minmay_swamp_entry_worms, hellmonk_spider_entry_not_the_bees,
          enter_volcano_1, gammafunk_ghost_hydra_chop, uniq_amaemon
Lair:3:   layout_chaotic_city, gammafunk_ghost_cemetery
Lair:4:   layout_hall_layers, minmay_slime_entry_oklob_enclosed
Lair:5:   evilmike_catoblepas_cave, layout_cave_pods, ice2_lemuel
Swamp:1:  layout_basic_swamp, infiniplex_staircase_pool, swamp_pool1,
          uniq_donald
Swamp:2:  layout_basic_swamp, evilmike_swamp_ruin_house_2,
          infiniplex_staircase_pool_2
Swamp:3:  layout_basic_swamp, nicolae_swamp_some_circles
Swamp:4:  swamp_basic_johnstein, layout_basic_swamp, uniq_roxanne, uniq_louise,
          uniq_mlioglotl
Spider:1: layout_spider_delve, uniq_frances
Spider:2: layout_spider_delve, nicolae_spider_moth_buddies
Spider:3: layout_cave_pods, hangedman_spider_tarantella_strand
Spider:4: guppyfry_spider_rune
Orc:1:    layout_diamond_mine, serial_shops, nicolae_shop_hallway_stairs,
          uniq_erolcha
Orc:2:    pf_orc_diabolical, layout_caves, uniq_nessos
Elf:1:    eino_elf_arrival_altar, layout_gridlike, minmay_elf_annihilation,
          dreamdust_princess_bridge, door_vault
Elf:2:    elven_hall_of_blades_hangedman_alternative
          [nicolae_blade_little_rooms], layout_geoelf_grid, serial_shops, shop
Elf:3:    elf_hall_gauntlet_narrow, layout_geoelf_octagon,
          portal_ice_cave_entry_pillars_three, corner_web_ring,
          grunt_ministairs_15, minmay_shop_grove
Vaults:1: mu_enter_wizlab_4, nicolae_vaults_weapon_check,
          hangedman_vaults_pinch, v_misc_31, layout_vaults_omnigrid,
          enter_trove_6
Vaults:2: nicolae_vaults_disjoint_gnomons, v_misc_12,
          nicolae_vaults_stairing_the_circle, v_rooms_5,
          nicolae_vaults_offset_grid_hallway_1, v_misc_3,
          nicolae_vaults_turnstiles, vaults_mumra_bighexcomb, v_alt_pattern_4,
          nicolae_vaults_oval_intersection, nicolae_vaults_trapezoid_1,
          layout_vaults_omnibox, serial_shops, bzr_firewalk
Vaults:3: gammafunk_ghost_grave, vaults_mumra_minichess_inversion, v_misc_10,
          hangedman_vaults_nodes, grunt_vaults_hallway_short,
          minmay_crypt_entry_skeletal_spiral, ontoclasm_vaults_shuriken,
          nicolae_vaults_ring_of_whatevers, nicolae_vaults_more_shelving_1,
          layout_vaults_big_room
Vaults:4: v_misc_15, nicolae_vaults_tetromino_Z_1,
          nicolae_vaults_taking_the_gang_shopping, grunt_vaults_trifunnel,
          vaults_room_pool, nicolae_vaults_spaceships, vaults_dpeg_hooks,
          nicolae_vaults_little_ls, nicolae_vaults_storage_closets_2,
          nicolae_vaults_theta, nicolae_vaults_murderbox, nicolae_vaults_theta,
          v_misc_24, vaults_mumra_chevron, nicolae_vaults_mitosis,
          nicolae_vaults_tetromino_Z_2, nicolae_vaults_house_2,
          layout_vaults_ring, serial_shops, bzr_entry_dummy, shop,
          nicolae_diamond_shop, nicolae_shop_behind_doors
Vaults:5
Crypt:1:  gammafunk_crypt_yreds_forest, layout_chaotic_city, glass_columns_c,
          grunt_crypt_arrival_split, grunt_megastairs_1
Crypt:2:  layout_misc_corridors, columned_hall_lemuel, grunt_megastairs_3
Crypt:3:  lightli_unholy_cathedral, layout_chaotic_city,
          nicolae_tomb_entry_unfolded_pyramid_diagonal, hellmonk_ghost_big_iron,
          st_chilly_death
Depths:1: layout_roguey [special_room_morgue], pf_coc_iceberg,
          grunt_decor_one_mirror, interstate_on_off, xom_teletrap_fun,
          grunt_megastairs_4
Depths:2: hangedman_arch_fort, layout_basic, enter_ziggurat_a,
          grunt_gozag_breadcrumbs, pan_entry, abyss_entry,
          grunt_hell_entry_dis_grunt, hangedman_corner_corridor,
          infiniplex_staircase_zigzag_2, uniq_enchantress
Depths:3: grunt_deathspiral_large, layout_gridville, hell_entry,
          abyss_entry_small_statue_room, pan_entry, wad_hexagon, uniq_saint_roka
Depths:4: grunt_zot_entry_pinwheel, layout_gridlike, hell_entry,
          nicolae_ru_awakened_eye, lemuel_zombie_altar_kikubaaqudgha,
          kennysheep_random_hallway, minmay_shoptagon
Zot:1:    hellmonk_paralyzer, layout_gridlike, hangedman_player_shredder,
          uniq_vv
Zot:2:    layout_gridlike, nzn_ghost_randoct
Zot:3:    nicolae_zot_stationary_front, layout_gridlike, st_stairs_14
Zot:4:    layout_misc_corridors, ebering_ghost_disaster_area,
          skrybe_zot_glass_2, uniq_tiamat
Zot:5:    layout_gridlike, grunt_ministairs_10

Skill      XL: |  1  2  3  4  5  6  7  8  9 10 11 12 13 14 15 16 17 18 19 20 21 22 23 24 25 |
---------------+----------------------------------------------------------------------------+-----
Fighting       | 2 3 4 5 6 10 14 15 19 20 23 26 | 26.9
Axes           | 2 5 8 11 14 16 17 18 20 | 20.2
Polearms       | 2 4 6 7 9 |  9.6
Armour         | 4 5 10 11 12 15 19 22 23 | 23.0
Shields        | 5 8 13 15 16 | 16.0
Dodging        | 5 6 9 10 11 15 17 | 17.6
Evocations     | 5 |  5.0
Stealth        | |  0.8

Action                     |  1- 3 |  4- 6 |  7- 9 | 10-12 | 13-15 | 16-18 | 19-21 | 22-24 | 25-27 || total
---------------------------+-------+-------+-------+-------+-------+-------+-------+-------+-------++-------
  Melee: Short sword       |   160 |       |       |       |       |       |       |       |       ||   160
         Club              |    13 |       |       |       |       |       |       |       |       ||    13
         Whip              |     3 |       |       |       |       |       |       |       |       ||     3
         Punch             |     3 |       |       |       |       |       |       |       |       ||     3
         Hand axe          |    22 |       |       |       |       |       |       |       |       ||    22
         Spear             |       |   142 |   547 |   385 |       |       |       |       |       ||  1074
         Broad axe         |       |       |    10 |  1010 |  1860 |  1930 |  1632 |  1478 |   450 ||  8370
         Demon trident     |       |       |       |     6 |    34 |       |       |       |       ||    40
         War axe           |       |       |       |       |    38 |    85 |       |       |       ||   123
         Headbutt          |       |       |       |       |       |       |       |       |    68 ||    68
  Throw: Dart              |       |     4 |     3 |    12 |     4 |     2 |       |       |       ||    25
         Throwing net      |       |       |       |       |       |     2 |       |       |       ||     2
  Evoke: Wand              |    12 |     7 |     6 |    18 |    12 |    15 |     2 |     2 |     1 ||    75
         Phantom mirror    |       |       |       |       |     3 |     1 |       |       |       ||     4
         Condenser vane    |       |       |       |       |     1 |       |     1 |       |       ||     2
         Lightning rod     |       |       |       |       |     9 |       |     3 |       |       ||    12
         Phial of floods   |       |       |       |       |     1 |       |       |       |       ||     1
    Use: Scroll            |       |     2 |     4 |    13 |    16 |    17 |    16 |    18 |     9 ||    95
         Potion            |       |     3 |     6 |     9 |     7 |    12 |     1 |     7 |    16 ||    61
   Stab: Sleeping          |       |     1 |       |       |       |    11 |       |       |       ||    12
         Distracted        |       |       |       |     2 |     1 |     6 |       |     1 |       ||    10
         Betrayed ally     |       |       |       |     1 |       |       |       |       |       ||     1
         Invisible         |       |       |       |       |       |     9 |       |       |    19 ||    28
 Armour: Leather armour    |    25 |       |       |       |       |       |       |       |       ||    25
         Ring mail         |    60 |    15 |       |     7 |       |       |       |       |       ||    82
         Plate armour      |       |    34 |   187 |    77 |       |       |       |       |       ||   298
         Skin              |       |       |     9 |       |       |       |       |       |       ||     9
         Acid dragon scale |       |       |       |   263 |       |       |       |       |       ||   263
         Scale mail        |       |       |       |    40 |       |       |       |       |       ||    40
         Ice dragon scales |       |       |       |    38 |   605 |   108 |     6 |       |       ||   757
         Swamp dragon scal |       |       |       |       |    32 |   367 |       |       |       ||   399
         Gold dragon scale |       |       |       |       |       |       |   357 |   477 |   108 ||   942
  Dodge: Dodged            |   113 |    45 |    74 |   777 |   834 |   846 |   754 |  1014 |   280 ||  4737
         Repelled          |       |       |       |       |       |     8 |    18 |    35 |    13 ||    74
  Block: Buckler           |       |       |    82 |   325 |   583 |       |       |       |       ||   990
         Reflection        |       |       |       |       |    17 |    62 |    91 |    22 |     8 ||   200
         Tower shield      |       |       |       |       |   156 |  2538 |  2064 |  2158 |   697 ||  7613
